 Dungeon Crawl Stone Soup version 0.21-a0-625-g1119ec1 (webtiles) character file.

77 tidbits the Insei (level 4, -1/34 HPs)
             Began as a Gnoll Transmuter on Dec 24, 2017.
             Slain by a bullfrog (8 damage)
             ... on level 4 of the Dungeon.
             The game lasted 00:04:06 (336 turns).

tidbits the Insei (Gnoll Transmuter)                 Turns: 336, Time: 00:04:06

Health: -1/34      AC:  2    Str: 13    XL:     4   Next: 34%
Magic:  10/11      EV: 20    Int: 16    God:
Gold:   42         SH:  0    Dex: 20    Spells: 12/13 levels left

rFire    . . .     SeeInvis .     - Unarmed
rCold    . . .     Gourm    .   (no shield)
rNeg     . . .     Faith    .   b - +0 robe
rPois    .         Spirit   .   (no helmet)
rElec    .         Reflect  .   (no cloak)
rCorr    .         Harm     .   (no gloves)
MR       .....                  (boots currently unavailable)
Stlth    +++.......             (no amulet)
HPRegen  0.11/turn              (no ring)
MPRegen  0.12/turn              (no ring)

@: agile, appendage
A: distributed training, fangs 1, talons 3, strong nose
a: End Transformation


You were on level 4 of the Dungeon.
You were not hungry.
You had grown temporary talons.
You visited 1 branch of the dungeon, and saw 4 of its levels.

You collected 42 gold pieces.

Inventory:

Hand Weapons
 j - a +0 whip of venom
   (You took it off a kobold on level 1 of the Dungeon)
 l - a +1 dagger of speed
   (You took it off a kobold on level 2 of the Dungeon)
Missiles
 a - 12 arrows
 e - 4 tomahawks (quivered)
 k - 36 stones
 m - 7 curare-tipped needles
Armour
 b - a +0 robe (worn)
Scrolls
 f - a scroll of remove curse
 n - 2 scrolls of teleportation {unknown}
 o - a scroll of blinking {unknown}
Potions
 h - a potion of heal wounds {unknown}
 i - a potion of magic {unknown}
Books
 c - a book of Changes

   Spells                             Type                      Level
   a - Beastly Appendage              Transmutation                1
   b - Sticks to Snakes               Transmutation                2
   c - Spider Form                    Transmutation/Poison         3
   d - Ice Form                       Ice/Transmutation            4
   e - Blade Hands                    Transmutation                5
Comestibles
 d - 4 rations


   Skills:
 + Level 2.7 Fighting
 + Level 1.1 Short Blades
 + Level 1.1 Long Blades
 + Level 1.1 Axes
 + Level 1.1 Maces & Flails
 + Level 1.1 Polearms
 + Level 1.1 Staves
 + Level 1.1 Slings
 + Level 1.1 Bows
 + Level 1.1 Crossbows
 + Level 1.1 Throwing
 + Level 1.1 Armour
 + Level 4.6 Dodging
 + Level 1.1 Stealth
 + Level 1.1 Shields
 + Level 6.6 Unarmed Combat
 + Level 5.0 Spellcasting
 + Level 0.8 Conjurations
 + Level 0.8 Hexes
 + Level 0.8 Charms
 + Level 0.8 Summonings
 + Level 0.8 Necromancy
 + Level 0.8 Translocations
 + Level 3.8 Transmutations
 + Level 0.8 Fire Magic
 + Level 0.8 Ice Magic
 + Level 0.8 Air Magic
 + Level 0.8 Earth Magic
 + Level 0.8 Poison Magic
 + Level 1.2 Invocations
 + Level 1.1 Evocations


You had 12 spell levels left.
You knew the following spells:

 Your Spells              Type           Power        Failure   Level  Hunger
e - Beastly Appendage     Tmut           ###...       3%          1    None


Dungeon Overview and Level Annotations

Branches:
Dungeon (4/15)
 Temple: D:4-7

Altars:


Innate Abilities, Weirdness & Mutations

Your experience applies equally to all skills.
You have very sharp teeth.
Your uncanny sense of smell can sniff out nearby items.
You have claws for feet.


Message History

The jackal is heavily wounded.
The jackal bites you but does no damage.
You punch the jackal!
You kill the jackal!
You hit the kobold.
You kill the kobold!
The dart slug launches a dart at you. The slug dart misses you.
There is a stone staircase leading up here.
Items here: ( )))) [[[ †††† The ooze quivers.
You punch the dart slug!
The dart slug is severely wounded.
Your horns disappear.
You hit the dart slug.
You kill the dart slug!
Okay, then.
A dart slug comes into view.
Found 18 stones.
Found 22 sling bullets.
A jackal and a goblin come into view.
The goblin is wielding a dagger of speed.
Found 10 gold pieces.
The jackal barks!
You hit the ooze.
The ooze is moderately wounded.
The ooze misses you.
You punch the ooze! You bite the ooze, but do no damage.
The ooze is almost dead.
The ooze completely misses you.
You punch the ooze!
You kill the ooze!
Found a stone staircase leading up.
You see here 18 stones.
k - 36 stones (gained 18)
You flicker for a moment.
Found a scroll of remove curse.
The dart slug misses you.
You catch the helpless dart slug completely off-guard!
You hit the dart slug.
The dart slug is heavily wounded.
You feel a little less agile now. The dart slug completely misses you.
You catch the helpless dart slug completely off-guard!
You hit the dart slug.
You bite the dart slug, but do no damage.
The dart slug is almost dead.
You flicker back into view.
You punch the dart slug!
You kill the dart slug!
You see here a dart slug corpse.
Found a ration.
You see here a ration.
d - 3 rations (gained 1)
Found 6 gold pieces.
Found a scroll labeled LIFIXZI NERCHAC.
You see here 6 gold pieces.
You now have 42 gold pieces (gained 6).
You see here a scroll labeled LIFIXZI NERCHAC.
n - 2 scrolls labeled LIFIXZI NERCHAC (gained 1)
A rat and a dart slug come into view.
Found a scroll labeled FILAMI GINI and a ration.
Found a stone staircase leading up.
You see here a scroll of remove curse.
f - a scroll of remove curse You see here a scroll labeled FILAMI GINI.
o - a scroll labeled FILAMI GINI A frilled lizard and a bullfrog come into view.
The frilled lizard moves out of view.
You see here a ration.
d - 4 rations (gained 1)
Your magical contamination has completely faded away.
A rat comes into view.
The bullfrog gives a loud, deep croak!
The frilled lizard hisses angrily.
Found a faded altar of an unknown god.
Found a stone staircase leading down.
A hobgoblin comes into view.
The hobgoblin shouts!
The bullfrog hits you.
* * * LOW HITPOINT WARNING * * *
There is a stone staircase leading down here.
The bullfrog hits you!
* * * LOW HITPOINT WARNING * * *
You climb downwards. 3 orcs and 2 orc wizards come into view.
The orc wizard shouts!
The orc shouts!
The orc wizard shouts!
The orc shouts! x2
There is a stone staircase leading up here.
You feel agile all of a sudden. The bullfrog closely misses you.
The bullfrog completely misses you. The bullfrog misses you.
Found 16 stones.
Okay, then.
Unknown command.
The bullfrog closely misses you.
Casting: Beastly Appendage
Confirm with . or Enter, or press ? or * to list all spells.
Your feet morph into talons.
The bullfrog completely misses you.
You hit the bullfrog.
The bullfrog is lightly wounded.
The bullfrog hits you!
You die...

##
###.#####
#.......###
#ooo....#
#..ooo#
#####F# #@#
#.# ∆ ..#
...# #.#.#
.(...
##.... #
.##


You could see a bullfrog, an orc wizard and 2 orcs.

Vanquished Creatures
  An orc priest (D:3)
  An ooze (D:3)
  3 dart slugs (D:3)
  3 orcs (D:3)
  3 bats
  A goblin (D:2)
  2 hobgoblins (D:1)
  7 jackals
  A quokka (D:2)
  3 frilled lizards (D:2)
  7 kobolds
  A rat (D:3)
33 creatures vanquished.

Notes
Turn   | Place    | Note
-------+----------+-------------------------------------------
     0 | D:1      | tidbits the Gnoll Transmuter began the quest for the Orb.
     0 | D:1      | Reached XP level 1. HP: 17/17 MP: 6/6
    62 | D:1      | Reached XP level 2. HP: 20/23 MP: 7/7
   228 | D:3      | Reached XP level 3. HP: 17/28 MP: 7/9
   230 | D:3      | Reached skill level 5 in Spellcasting
   247 | D:3      | Reached skill level 1 in Short Blades
   247 | D:3      | Reached skill level 1 in Long Blades
   247 | D:3      | Reached skill level 1 in Axes
   247 | D:3      | Reached skill level 1 in Maces & Flails
   247 | D:3      | Reached skill level 1 in Polearms
   247 | D:3      | Reached skill level 1 in Staves
   247 | D:3      | Reached skill level 1 in Slings
   247 | D:3      | Reached skill level 1 in Bows
   247 | D:3      | Reached skill level 1 in Crossbows
   247 | D:3      | Reached skill level 1 in Throwing
   247 | D:3      | Reached skill level 1 in Armour
   247 | D:3      | Reached skill level 1 in Stealth
   247 | D:3      | Reached skill level 1 in Shields
   247 | D:3      | Reached skill level 1 in Invocations
   247 | D:3      | Reached skill level 1 in Evocations
   247 | D:3      | Reached XP level 4. HP: 10/34 MP: 9/11
   324 | D:3      | Noticed a bullfrog
   326 | D:3      | Found a faded altar of an unknown god.
   336 | D:4      | Slain by a bullfrog

Vault maps used:
D:1:      minmay_arrival_solitary_statue
D:2:      gammafunk_temple_overflow_pools, first_ration
D:3:      kennysheep_slugbush, chequers_ecumenical_altar_island
D:4:      minmay_temple_entry_overgrown, st_stairs_6, doesnt_xom_only_xom

Skill      XL: |  1  2  3 |
---------------+----------+-----
Spellcasting   | 5 |  5.0
Short Blades   | 1 |  1.1
Long Blades    | 1 |  1.1
Axes           | 1 |  1.1
Maces & Flails | 1 |  1.1
Polearms       | 1 |  1.1
Staves         | 1 |  1.1
Slings         | 1 |  1.1
Bows           | 1 |  1.1
Crossbows      | 1 |  1.1
Throwing       | 1 |  1.1
Armour         | 1 |  1.1
Stealth        | 1 |  1.1
Shields        | 1 |  1.1
Invocations    | 1 |  1.2
Evocations     | 1 |  1.1
Fighting       | |  2.7
Dodging        | |  4.6
Unarmed Combat | |  6.6
Conjurations   | |  0.8
Hexes          | |  0.8
Charms         | |  0.8
Summonings     | |  0.8
Necromancy     | |  0.8
Translocations | |  0.8
Transmutations | |  3.8
Fire Magic     | |  0.8
Ice Magic      | |  0.8
Air Magic      | |  0.8
Earth Magic    | |  0.8
Poison Magic   | |  0.8

Action                   |  1- 3 |  4- 6 || total
-------------------------+-------+-------++-------
Melee: Unarmed           |    58 |    20 ||    78
       Kick              |     5 |       ||     5
       Headbutt          |     7 |     4 ||    11
       Bite              |     1 |     3 ||     4
       Punch             |     1 |       ||     1
 Cast: Beastly Appendage |     7 |     1 ||     8
  Use: Scroll            |     2 |       ||     2
       Potion            |     2 |     1 ||     3
 Stab: Invisible         |       |     4 ||     4
Armor: Robe              |     6 |     1 ||     7
Dodge: Dodged            |    32 |    17 ||    49

Table legend:
 A = Spawn XP
 B = Non-spawn XP
 C = Spawn XP percentage of total XP
 D = Spawn monster count
 E = Non-spawn monster count
 F = Spawn count percentage of total count
 G = Total turns spent on level
                    A         B        C        D         E        F      G
               +---------+---------+-------+---------+---------+-------+---------
         Total |       0 |     111 |   0.0 |       0 |      33 |   0.0 |   336
               +---------+---------+-------+---------+---------+-------+---------
           D:1 |       0 |      17 |   0.0 |       0 |      10 |   0.0 |   124
           D:2 |       0 |      14 |   0.0 |       0 |       9 |   0.0 |    97
           D:3 |       0 |      80 |   0.0 |       0 |      14 |   0.0 |   110
               +---------+---------+-------+---------+---------+-------+---------

Table legend:
 A = Turns spent in this place as a percentage of turns spent in the entire game.
 B = Non-inter-level travel turns spent in this place as a percentage of non-inter-level travel turns spent in the entire game.
 C = Inter-level travel turns spent in this place as a percentage of turns spent in this place.
 D = Turns resting spent in this place as a percentage of non-inter-level travel turns spent in this place.
 E = Turns spent auto-exploring this place as a percentage of non-inter-level travel turns spent in this place.
 F = Non-inter-level travel turns spent in this place divided by the number of levels of this place that you've seen.
                   A       B       C       D       E      F
               +-------+-------+-------+-------+-------+----------------------
         Total | 100.0 | 100.0 |   0.0 |   0.0 |   0.0 |  84.0
       Dungeon | 100.0 | 100.0 |   0.0 |   0.0 |   0.0 |  84.0
               +-------+-------+-------+-------+-------+----------------------

Table legend:
 A = Kills in this place as a percentage of kills in entire the game.
 B = Kills by you in this place as a percentage of kills by you in the entire game.
 C = Kills by friends in this place as a percentage of kills by friends in the entire game.
 D = Other kills in this place as a percentage of other kills in the entire game.
 E = Experience gained in this place as a percentage of experience gained in the entire game.
 F = Experience gained in this place divided by the number of levels of this place that you have seen.
                   A       B       C       D       E      F
               +-------+-------+-------+-------+-------+----------------------
         Total | 100.0 | 100.0 |   N/A |   N/A | 100.0 |  27.8
       Dungeon | 100.0 | 100.0 |   N/A |   N/A | 100.0 |  27.8
               +-------+-------+-------+-------+-------+----------------------

Vault maps used:
D:1:      minmay_arrival_solitary_statue
D:2:      gammafunk_temple_overflow_pools, first_ration
D:3:      kennysheep_slugbush, chequers_ecumenical_altar_island
D:4:      minmay_temple_entry_overgrown, st_stairs_6, doesnt_xom_only_xom
